 Dungeon Crawl Stone Soup version 0.24.1-8-ga250c9d538 (webtiles) character file.

Game seed: 683467786314581597, levelgen mode: deterministic

452 Peloso the Slasher (level 6, -7/48 HPs)
             Began as a Demonspawn Fighter on May 1, 2020.
             Was an Initiate of Okawaru (penitent).
             Killed by divine providence
             ... invoked by an orc priest
              (13 damage)
             ... on level 4 of the Dungeon.
             The game lasted 00:07:28 (3641 turns).

Peloso the Slasher (Demonspawn Fighter)             Turns: 3641, Time: 00:07:28

Health: -7/48      AC: 12    Str: 18    XL:     6   Next: 75%
Magic:  6/6        EV:  7    Int: 10    God:    Okawaru [*]
Gold:   127        SH:  0    Dex: 12    Spells: 5/5 levels left

rFire    . . .     SeeInvis .   a - +0 long sword
rCold    . . .     Gourm    .   c - +0 shield
rNeg     . . .     Faith    .   x - +0 chain mail
rPois    +         Spirit   .   (no helmet)
rElec    .         Reflect  .   (no cloak)
rCorr    .         Harm     .   C - +0 pair of gloves
MR       .....                  (no boots)
Stlth    ..........             (no amulet)
HPRegen  0.16/turn              B - ring of poison resistance
MPRegen  0.10/turn              y - +2 ring of evasion

@: confused
A: claws 1, slimy green scales 1, demonic guardian 1
a: Renounce Religion


You were on level 4 of the Dungeon.
You worshipped Okawaru.
Okawaru was demanding penance.
You were hungry.

You visited 2 branches of the dungeon, and saw 5 of its levels.

You collected 127 gold pieces.

Inventory:

Hand Weapons
 a - a +0 long sword (weapon)
Armour
 b - a +0 scale mail
 c - a +0 shield (worn)
 x - a +0 chain mail (worn)
 C - a +0 pair of gloves (worn)
Jewellery
 e - an uncursed ring of magical power
 y - a +2 ring of evasion (right hand)
 B - a ring of poison resistance (left hand)
Wands
 r - a wand of paralysis (8)
 z - a wand of enslavement (8)
Scrolls
 i - a scroll of remove curse {unknown}
 j - 4 scrolls of teleportation {unknown}
 l - a scroll of amnesia {unknown}
 n - 3 scrolls of magic mapping {unknown}
 o - a scroll of random uselessness {unknown}
 p - a scroll of enchant armour {unknown}
 q - a scroll of fear {unknown}
 s - 3 scrolls of noise {unknown}
 u - 2 scrolls of immolation {unknown}
Potions
 d - a potion of might
 g - a potion of flight
 h - a potion of heal wounds
 k - 4 potions of haste
 m - a potion of mutation
 t - 2 potions of curing {unknown}
 v - 2 potions of magic {unknown}
 w - a potion of berserk rage {unknown}
 A - 2 potions of cancellation
 D - a potion of ambrosia {unknown}
Comestibles
 f - 4 rations


   Skills:
 + Level 3.8 Fighting
 + Level 4.3 Long Blades
 + Level 3.8 Armour
 + Level 1.2 Dodging
 + Level 0.1 Stealth
 + Level 4.1 Shields


You had 5 spell levels left.
You didn't know any spells.
Your spell library was empty.

Dungeon Overview and Level Annotations

Branches:
Dungeon (4/15)             Temple (1/1) D:4

Altars:
Cheibriados
Gozag
Nemelex Xobeh
Okawaru
Qazlal
Sif Muna
Trog
Vehumet
Zin


Innate Abilities, Weirdness & Mutations

You have sharp fingernails.
You are partially covered in slimy green scales. (AC +2)
A weak demonic guardian rushes to your aid.


Message History

You bump into the rock wall.
The orc hits you with a +0 dagger.
The orc wizard hits you but does no damage.
Unknown command.
You closely miss the orc. The orc hits you but does no damage.
The orc priest barely misses you.
The orc wizard hits you but does no damage. x2
The orc closely misses you.
Your chain mail prevents you from hitting your ufetubus.
Your ufetubus is moderately wounded.
You feel very guilty. "You will pay for your transgression, mortal!"
The orc priest calls down the wrath of Beogh upon you.
Beogh smites you!
* * * LOW HITPOINT WARNING * * *
The orc hits you but does no damage.
The orc wizard hits you with a +0 dagger.
* * * LOW HITPOINT WARNING * * *
The orc priest invokes the aid of Beogh against you.
Beogh smites you!
You die...

.......###
###.##...........#
...###.#
#.##...#########
...# #.###.## ...#
#.# #.# ...... #.#
#.# .###.#
###.###.# .# .#
#.......# .# #
#5##.##.# .#
#@##.##.#
......ooo5....#
#######.#######
#.# #.# #.# ..#
#.#


You could see an orc priest, an orc wizard, an orc, a friendly iron imp and a
friendly ufetubus.

Vanquished Creatures
  A centaur (D:4)
  A jelly (D:3)
  An orc priest (D:2)
  A worker ant (D:4)
  7 adders
  4 dart slugs
  2 leopard geckos
  5 orcs
  A ball python (D:4)
  3 giant cockroaches
  9 goblins
  6 hobgoblins
  3 jackals (D:3)
  11 kobolds
  4 bats
  2 frilled lizards
  A jackal skeleton (D:3)
  11 rats
73 creatures vanquished.

Vanquished Creatures (collateral kills)
  A phantom (D:4)
  Blork the orc (D:4)
  Natasha (thrice) (D:3)
  An orc (D:2)
6 creatures vanquished.

Grand Total: 79 creatures vanquished

Notes
Turn   | Place    | Note
-------+----------+-------------------------------------------
     0 | D:1      | Peloso the Demonspawn Fighter began the quest for the Orb.
     0 | D:1      | Reached XP level 1. HP: 18/18 MP: 1/1
   111 | D:1      | Gained mutation: A weak demonic guardian rushes to your
                  | aid. [demonic ancestry]
   111 | D:1      | Reached XP level 2. HP: 21/24 MP: 2/2
   591 | D:2      | Reached XP level 3. HP: 5/29 MP: 3/3
  1111 | D:2      | Reached XP level 4. HP: 29/35 MP: 4/4
  1169 | D:2      | Found an opulent altar of Gozag.
  1965 | D:3      | Found a bloodstained altar of Trog.
  2057 | D:3      | Noticed Natasha
  2075 | D:3      | Killed Natasha
  2075 | D:3      | Reached skill level 1 in Dodging
  2095 | D:3      | Noticed Natasha
  2098 | D:3      | Killed Natasha
  2236 | D:3      | Noticed Natasha
  2243 | D:3      | Killed Natasha
  2243 | D:3      | Gained mutation: You have sharp fingernails. [demonic
                  | ancestry]
  2243 | D:3      | Reached XP level 5. HP: 39/41 MP: 5/5
  2792 | D:3      | Found a sparkling altar of Nemelex Xobeh.
  2792 | D:3      | Found a stormy altar of Qazlal.
  3088 | D:4      | Noticed a centaur
  3088 | D:4      | Noticed a phantom
  3090 | D:4      | Noticed Blork the orc
  3103 | D:4      | Killed a centaur
  3103 | D:4      | Gained mutation: You are partially covered in slimy green
                  | scales. (AC +2) [demonic ancestry]
  3103 | D:4      | Reached XP level 6. HP: 26/48 MP: 6/6
  3109 | D:4      | Killed Blork the orc
  3374 | D:4      | Found a staircase to the Ecumenical Temple.
  3450 | Temple   | Entered the Ecumenical Temple
  3531 | Temple   | Became a worshipper of Warmaster Okawaru
  3641 | D:4      | Was placed under penance by Okawaru
  3641 | D:4      | Killed from afar by an orc priest

Levels and vault maps discovered:
D:1:      scummos_arrival_simple_crosswalls, layout_basic, minmay_hedge_maze
D:2:      layout_loops_ring, grunt_gozag_statues
D:3:      layout_basic, amethyst_overflow_temple_binary, trog_hazing_becter,
          uniq_natasha
D:4:      wad_pebble_path, layout_loops_ring,
          minmay_temple_entry_drinking_statues, uniq_blork_the_orc
Temple:   grunt_temple_mini_profane

Skill      XL: |  1  2  3  4  5  6 |
---------------+-------------------+-----
Long Blades    | 2 3 4 |  4.3
Armour         | 3 |  3.8
Shields        | 3 4 |  4.1
Dodging        | 1 |  1.2
Fighting       | |  3.8
Stealth        | |  0.1

Action                   |  1- 3 |  4- 6 || total
-------------------------+-------+-------++-------
Melee: Long sword        |    62 |   216 ||   278
  Use: Potion            |     3 |     1 ||     4
       Scroll            |       |     3 ||     3
  Eat: Chunk             |       |     5 ||     5
       Ration            |       |     1 ||     1
Armor: Scale mail        |    26 |    39 ||    65
       Skin              |     4 |       ||     4
       Chain mail        |       |    63 ||    63
Dodge: Dodged            |    17 |    64 ||    81
Block: Shield            |    36 |   125 ||   161
       Rpst.: Long sword |     8 |    15 ||    23
